 Dungeon Crawl Stone Soup version 0.22.0-38-g04b72b8c25 (webtiles) character file.

519 AlolanVulpixel the Poker (level 7, -6/81 HPs)
             Began as a Pale Draconian Chaos Knight on Aug 30, 2018.
             Mangled by a worm (7 damage)
             ... on level 4 of the Dungeon.
             The game lasted 00:13:00 (2656 turns).

AlolanVulpixel the Poker (DrCK)                     Turns: 2656, Time: 00:13:01

Health: -6/81      AC: 23    Str: 15    XL:     7   Next: 1%
Magic:  7/7        EV:  2    Int: 12    God:    Xom [.....*]
Gold:   111        SH:  0    Dex:  8    Spells: 6/6 levels left

rFire    . . .     SeeInvis .   a - +0 spear (chaos)
rCold    . . .     Gourm    .   (no shield)
rNeg     + + +     Faith    .   (armour unavailable)
rPois    +         Spirit   .   (helmet currently unavailable)
rElec    .         Reflect  .   (cloak currently unavailable)
rCorr    .         Harm     .   (gloves currently unavailable)
MR       .....     NoTele   +   (boots currently unavailable)
Stlth    ++........             (no amulet)
HPRegen  0.23/turn              (no ring)
MPRegen  0.10/turn              (no ring)

@: tree-form
A: (breathe steam), unfitting armour, clumsy 1, frail 1, weak 1, AC +6
a: Renounce Religion


You were on level 4 of the Dungeon.
You worshipped Xom.
You were Xom's teddy bear.
You were not hungry.
You were a tree.
You visited 1 branch of the dungeon, and saw 4 of its levels.

You collected 111 gold pieces.

Inventory:

Hand Weapons
 a - a +0 spear of chaos (weapon)
 o - a +2 hunting sling of velocity
 r - a +0 dagger of holy wrath
Missiles
 c - 121 stones (quivered)
 n - 21 bolts
 s - 16 poisoned needles
 v - a tomahawk
Armour
 u - a +0 hat (melded)
Scrolls
 f - a scroll of magic mapping {unknown}
 g - 2 scrolls of teleportation {unknown}
 h - a scroll of fog {unknown}
 j - 5 scrolls of identify {unknown}
 k - 2 scrolls of immolation {unknown}
 p - a scroll of enchant armour {unknown}
 t - a scroll of remove curse {unknown}
 x - a scroll of fear {unknown}
Potions
 d - a potion of heal wounds {unknown}
 e - 2 potions of haste {unknown}
 i - 2 potions of curing {unknown}
 l - a potion of agility {unknown}
 m - 4 potions of lignification
 q - 2 potions of degeneration {unknown}
 w - a potion of brilliance {unknown}
 z - a potion of invisibility {unknown}
Comestibles
 b - 4 rations


   Skills:
 + Level 4.6 Fighting
 + Level 5.9 Polearms
 + Level 3.7 Dodging
 + Level 2.3 Stealth


You had 6 spell levels left.
You didn't know any spells.
Your spell library contained the following spells:

 Spells                   Type           Power        Failure   Level  Hunger
 Magic Dart               Conj           #...         32%         1    ##.....
 Searing Ray              Conj           #.....       45%         2    ###....
 Dazzling Spray           Conj/Hex       #.....       69%         3    ####...
 Force Lance              Conj/Tloc      #.......     97%         4    #####..
 Fulminant Prism          Conj/Hex       #.........   97%         4    #####..
 Iskenderun's Mystic Bla  Conj           #.......     97%         4    #####..


Dungeon Overview and Level Annotations

Branches:
Dungeon (4/15)
 Temple: D:4-7

Altars:
Dithmenos
Qazlal
Xom
Yredelemnul


Innate Abilities, Weirdness & Mutations

((You can breathe blasts of scalding, opaque steam.))
((Your pale cyan-grey scales are hard. (AC +6)))
You cannot fit into any form of body armour.
((You are cold-blooded and may be slowed by cold attacks.))
You are clumsy. (Dex -2)
You are frail. (-10% HP)
You are weak. (Str -2)


Message History

The worm is moderately wounded.
The worm misses you.
You hit the worm. Lightning courses through the worm!
The worm is almost dead.
The worm bites you!
* * * LOW HITPOINT WARNING * * *
You hit the worm. You burn the worm.
The worm is almost dead.
The worm bites you.
* * * LOW HITPOINT WARNING * * *
You hit the worm.
The worm is poisoned.
The worm is almost dead.
You hit the worm but do no damage.
The worm is almost dead.
The worm bites you!
* * * LOW HITPOINT WARNING * * *
It was a potion of lignification.
You turn into a tree.
Your +0 hat melds into your body.
Your roots penetrate the ground.
The worm bites you!
You die...

## ##.# ##...#
##.....##
#.......########
...............#####
#.....†♣##.........###
##....w....###........
##...####.##......###
#....# #.###.....#
#.##_# #.# #.....# #.
#.# #.# ##.##.#
#.##.###.# #.##.#
#.....)..####+##.#
####.###.........#


You could see a worm (berserk).

Vanquished Creatures
  Eustachio (D:4)
  Sigmund (D:4)
  2 orc priests (D:3)
  2 worker ants (D:4)
  2 adders (D:2)
  2 oozes
  2 dart slugs (D:1)
  4 leopard geckos
  10 orcs
  A ball python (D:3)
  6 bats
  3 giant cockroaches
  9 goblins
  8 hobgoblins
  6 jackals (D:1)
  6 kobolds
  4 frilled lizards
  A goblin skeleton (D:2)
  A kobold skeleton (D:2)
  A quokka skeleton (D:4)
  8 rats
80 creatures vanquished.

Notes
Turn   | Place    | Note
-------+----------+-------------------------------------------
     0 | D:1      | AlolanVulpixel the Draconian Chaos Knight began the quest for the Orb.
     0 | D:1      | Reached XP level 1. HP: 19/19 MP: 1/1
    15 | D:1      | XOM: harmless Tloc miscast
    86 | D:1      | Reached XP level 2. HP: 16/26 MP: 2/2
   327 | D:1      | Reached XP level 3. HP: 17/33 MP: 3/3
   335 | D:1      | XOM: harmless Air miscast
   340 | D:1      | XOM: mild Tloc miscast
   516 | D:1      | XOM: medium Ice miscast
   691 | D:2      | Reached skill level 4 in Polearms
   698 | D:2      | Reached XP level 4. HP: 36/40 MP: 4/4
   775 | D:2      | Found a runed door.
   775 | D:2      | Noticed a human
   781 | D:2      | Found a basalt altar of Yredelemnul.
  1649 | D:3      | Reached XP level 5. HP: 39/46 MP: 5/5
  1913 | D:3      | XOM: mild Erth miscast
  1922 | D:3      | XOM: give mutations
  1922 | D:3      | Gained mutation: You are weak. (Str -2) [Xom's mischief]
  1922 | D:3      | Gained mutation: You are frail. (-10% HP) [Xom's mischief]
  1922 | D:3      | Gained mutation: You are clumsy. (Dex -2) [Xom's mischief]
  2238 | D:3      | XOM: stat loss: -1 Int (11/12)
  2347 | D:4      | XOM: stealth player
  2347 | D:4      | Noticed Sigmund
  2365 | D:4      | Killed Sigmund
  2365 | D:4      | Reached skill level 5 in Polearms
  2365 | D:4      | Reached skill level 1 in Stealth
  2365 | D:4      | Reached XP level 6. HP: 31/47 MP: 6/6
  2423 | D:4      | Found a shadowy altar of Dithmenos.
  2423 | D:4      | Found a stormy altar of Qazlal.
  2585 | D:4      | Noticed Eustachio
  2593 | D:4      | XOM: scenery: create altars
  2595 | D:4      | XOM: confuse monster(s)
  2601 | D:4      | Killed Eustachio
  2638 | D:4      | XOM: polymorph scorpion -> worm
  2646 | D:4      | Your scales start taking on a pale cyan-grey colour.
  2646 | D:4      | Reached XP level 7. HP: 37/54 MP: 7/7
  2655 | D:4      | HP: 1/54 [worm (12)]
  2656 | D:4      | Mangled by a worm

Skill      XL: |  1  2  3  4  5  6 |
---------------+-------------------+-----
Fighting       | 4 |  4.6
Polearms       | 4 5 |  5.9
Dodging        | 3 |  3.7
Stealth        | 1 2 |  2.3

Action                   |  1- 3 |  4- 6 |  7- 9 || total
-------------------------+-------+-------+-------++-------
Melee: Spear             |   128 |   143 |     9 ||   280
       Tailslap          |     9 |    16 |     1 ||    26
  Use: Potion            |       |       |     1 ||     1
 Stab: Paralysed         |     3 |       |       ||     3
       Sleeping          |       |     2 |       ||     2
       Confused          |       |     1 |       ||     1
  Eat: Ration            |       |     2 |       ||     2
Armor: Skin              |    37 |    35 |       ||    72
Dodge: Dodged            |    63 |    57 |     2 ||   122
